 Dungeon Crawl Stone Soup version 0.30-a0-1018-g25214051b3 (webtiles) character file.

Game seed: 12141713136044135032

110 Zeldest the Chopper (level 5, -5/41 HPs)
             Began as a Human Reaver on Apr 7, 2023.
             Was an Initiate of Ru.
             Slain by a kobold
             ... wielding a +2 dagger of electrocution
              (16 damage)
             ... in a sewer.
             The game lasted 00:02:51 (2078 turns).

Zeldest the Chopper (Human Reaver)                  Turns: 2078, Time: 00:02:51

Health: -5/41      AC:  3    Str: 12    XL:     5   Next: 14%
Magic:  8/8        EV: 11    Int: 15    God:    Ru [......]
Gold:   204        SH:  0    Dex: 12    Spells: 7/8 levels left

rFire   . . .      SeeInvis .    c - +1 hand axe (drain)
rCold   . . .      Faith    .    (no shield)
rNeg    . . .      Spirit   .    b - +0 leather armour
rPois   .          Reflect  .    (no helmet)
rElec   .          Rampage  .    (no cloak)
rCorr   .                        (no gloves)
Will    .....                    (no boots)
Stlth   +                        (no amulet)
HPRegen 0.26/turn                (no ring)
MPRegen 0.11/turn                (no ring)

@: no status effects
A: no striking features
a: Renounce Religion


You were in a sewer.
You worshipped Ru.
Ru was noncommittal.
You visited 1 branch of the dungeon, and saw 3 of its levels.
You also visited: Sewer.

You collected 204 gold pieces.

Inventory:

Hand Weapons
 c - a +1 hand axe of draining (weapon)
Armour
 b - a +0 leather armour (worn)
Magical Staves
 t - a staff of poison
Scrolls
 d - a scroll of poison {unknown}
 e - a scroll of torment {unknown}
 g - a scroll of noise {unknown}
 j - 2 scrolls of identify {unknown}
 k - a scroll of butterflies {unknown}
 l - 2 scrolls of teleportation {unknown}
 o - 2 scrolls of immolation {unknown}
 q - a scroll of blinking {unknown}
 r - a scroll of brand weapon {unknown}
 s - a scroll of fog {unknown}
Potions
 a - 2 potions of lignification {unknown}
 f - a potion of invisibility {unknown}
 h - 2 potions of curing {unknown}
 i - 3 potions of heal wounds {unknown}
 m - 2 potions of cancellation {unknown}
 n - a potion of haste {unknown}
 p - 2 potions of might {unknown}
 u - a potion of brilliance {unknown}
 v - a potion of flight {unknown}


   Skills:
 + Level 3.2 Fighting
 + Level 4.0 Axes
 - Level 2.0 Dodging
 - Level 2.0 Spellcasting
 + Level 3.9 Conjurations


You had 7 spell levels left.
You knew the following spells:

 Your Spells              Type           Power      Damage    Failure   Level
a - Kiss of Death         Conj/Necr      28%        2d7       13%         1

Your spell library contained the following spells:

 Spells                   Type           Power      Damage    Failure   Level
 Momentum Strike          Conj/Tloc      14%        3d8       19%         2
 Hailstorm                Conj/Ice       7%         3d4       36%         3


Dungeon Overview and Level Annotations

Branches:
Dungeon (3/15) Zot: 15920   Sewer (1/1) Zot: 5976

Altars:
Nemelex Xobeh
Ru
Trog
Uskayaw
Xom

Shops:
D:1 ?

Annotations:
D:3 2 runed translucent doors


Message History

You completely miss the kobold brigand.
The kobold brigand is moderately wounded.
You closely miss the river rat. The kobold brigand closely misses you.
The river rat bites you.
You closely miss the kobold brigand.
You punch the kobold brigand, but do no damage.
The kobold brigand is moderately wounded.
You barely miss the river rat. The kobold brigand barely misses you.
The river rat bites you but does no damage.
You hit the kobold brigand but do no damage.
You drain the kobold brigand.
You punch the kobold brigand, but do no damage.
The kobold brigand is moderately wounded.
You barely miss the river rat. The kobold brigand barely misses you.
The river rat bites you.
You hit the kobold brigand.
The kobold brigand is heavily wounded.
You closely miss the river rat.
The kobold brigand completely misses you.
The river rat bites you. The kobold brigand barely misses you.
You hit the kobold brigand. You drain the kobold brigand.
The kobold brigand is severely wounded.
You closely miss the river rat. The river rat bites you.
The kobold brigand barely misses you.
You closely miss the kobold brigand.
The kobold brigand is severely wounded.
You closely miss the river rat.
The river rat bites you but does no damage.
The kobold brigand barely misses you.
You closely miss the kobold brigand.
The kobold brigand is severely wounded.
You barely miss the river rat. The river rat bites you.
The kobold brigand hits you with a +0 club.
You hit the kobold brigand.
The kobold brigand is almost dead.
You hit the kobold. You hit the river rat but do no damage.
The kobold hits you with a +2 dagger of electrocution.
* * * LOW HITPOINT WARNING * * *
You are electrocuted!
You die...

######
##≈#≈≈#
#≈≈≈≈≈#
##≈≈≈≈≈#
#≈≈≈≈≈.#
#≈≈....#~#PP
##...∩∩.PP.P#
#........P###
#.@r#######
#KK†~~~~~~
#..P######
#..~. ##~~..
#.....
##..~~.
~~~#~#


You could see a kobold brigand (very drained), a river rat (very drained) and a
kobold.

Vanquished Creatures
  A hound (D:3)
  2 adders
  A worm (D:2)
  2 dart slugs
  9 ball pythons
  6 bats
  4 endoplasms
  2 giant cockroaches (D:2)
  5 goblins
  2 hobgoblins (D:1)
  A jackal (Sewer)
  3 quokkas (D:1)
  4 frilled lizards
  4 kobolds
  9 rats
55 creatures vanquished.

Vanquished Creatures (others)
  3 plants (Sewer)
  4 toadstools (D:2)
7 creatures vanquished.

Grand Total: 62 creatures vanquished

Notes
Turn   | Place    | Note
-------+----------+-------------------------------------------
     0 | D:1      | Zeldest the Human Reaver began the quest for the Orb.
     0 | D:1      | Reached XP level 1. HP: 16/16 MP: 3/3
   140 | D:1      | Reached XP level 2. HP: 21/22 MP: 5/5
   313 | D:1      | Found Koful's Magic Scroll Shoppe.
   369 | D:1      | Reached XP level 3. HP: 23/28 MP: 6/6
   538 | D:1      | Found a faded altar of an unknown god.
  1430 | D:2      | Reached XP level 4. HP: 33/34 MP: 7/7
  1692 | D:3      | Found a bloodstained altar of Trog.
  1692 | D:3      | Found a sacrificial altar of Ru.
  1692 | D:3      | Found a sparkling altar of Nemelex Xobeh.
  1692 | D:3      | Found a hide-covered altar of Uskayaw.
  1697 | D:3      | Became a worshipper of Ru the Awakened
  1704 | D:3      | Found a large runed translucent door.
  1704 | D:3      | Found a large runed translucent door.
  1707 | D:3      | Found a shimmering altar of Xom.
  1938 | D:3      | Found a glowing drain.
  1948 | D:3      | Reached skill level 4 in Axes
  1948 | D:3      | Reached XP level 5. HP: 21/41 MP: 8/8
  2057 | Sewer    | Entered a sewer
  2060 | Sewer    | Noticed a kobold brigand
  2078 | Sewer    | Slain by a kobold

Illustrated notes

Levels and vault maps discovered:
D:1:      psy_arrival_terrarium, layout_loops_ring, serial_shops,
          nicolae_shop_crystal, ebering_ecumenical_altar_sacrificial
D:2:      layout_basic, minmay_gold_behind_fungi, minmay_diced_spiral
D:3:      due_chaos_kobolds, layout_basic,
          chequers_temple_overflow_statue_of_worship, portal_sewer_entry_e
Sewer:    sewer_co_scattered_pipes

Skill      XL: |  1  2  3  4 |
---------------+-------------+-----
Fighting       | 3 |  3.2
Axes           | 4 |  4.0
Dodging        | |  2.0
Spellcasting   | |  2.0
Conjurations   | |  3.9

Action                     |  1- 3 |  4- 6 || total
---------------------------+-------+-------++-------
  Melee: Hand axe          |   100 |    58 ||   158
         Punch             |       |     2 ||     2
 Armour: Leather armour    |    26 |    21 ||    47
  Dodge: Dodged            |    65 |    54 ||   119

Table legend: (Time is in decaauts)
 A = Elapsed time spent in this place.
 B = Non-inter-level travel time spent in this place.
 C = Inter-level travel time spent in this place.
 D = Time resting spent in this place.
 E = Time spent auto-exploring this place.
 F = Levels seen in this place.
 G = Mean time per level.
                   A        B        C        D        E       F      G
               +--------+--------+--------+--------+--------+-----+--------+
         Total |   2101 |   2018 |     83 |    269 |   1220 |   4 |  525.2 |
       Dungeon |   2079 |   1996 |     83 |    269 |   1220 |   3 |  693.0 |
         Sewer |     22 |     22 |      0 |      0 |      0 |   1 |   22.0 |
               +--------+--------+--------+--------+--------+-----+--------+

Top non-repeatable levels by time:
     D:1: 795 daAuts
     D:2: 714 daAuts
     D:3: 569 daAuts
   Sewer: 22 daAuts
